 Dungeon Crawl Stone Soup version 0.27.0-1-g7a089689b8 (webtiles) character file.

Game seed: 11773815281163852474

628 H0rd4k the Caller (level 7, 0/46 HPs)
             Began as a Barachi Summoner on Aug 3, 2021.
             Was an Initiate of Qazlal.
             Killed from afar by a steam dragon (13 damage)
             ... with a ball of steam
             ... on level 7 of the Dungeon.
             The game lasted 00:17:59 (9997 turns).

H0rd4k the Caller (Barachi Summoner)                Turns: 9997, Time: 00:17:59

Health: 0/46       AC:  2    Str: 10    XL:     7   Next: 48%
Magic:  0/15       EV: 12    Int: 17    God:    Qazlal [......]
Gold:   200        SH:  0    Dex: 12    Spells: 6/17 levels left

rFire    . . .     SeeInvis .   (no weapon)
rCold    . . .     Faith    .   (no shield)
rNeg     . . .     Spirit   +   a - +0 robe
rPois    .         Reflect  .   (no helmet)
rElec    .         Harm     .   (no cloak)
rCorr    .         Rampage  .   (no gloves)
Will     .....                  (no boots)
Stlth    ++........             p - amulet of guardian spirit
HPRegen  0.15/turn              (no ring)
MPRegen  0.14/turn              (no ring)

@: unable to hop, slow
A: amphibious, slowness 1, strong legs 1, +LOS
a: Hop, Renounce Religion


You were on level 7 of the Dungeon.
You worshipped Qazlal.
Qazlal was noncommittal.
You visited 2 branches of the dungeon, and saw 8 of its levels.

You collected 200 gold pieces.

Inventory:

Missiles
 c - 3 curare-tipped darts
 q - a throwing net
Armour
 a - a +0 robe (worn)
 n - a scarf of shadows
Jewellery
 h - an amulet of reflection
 p - an amulet of guardian spirit (around neck)
Scrolls
 d - a scroll of identify
 f - a scroll of noise {unknown}
 m - 2 scrolls of fog {unknown}
 r - a scroll of enchant weapon {unknown}
Potions
 b - a potion of might
 g - a potion of brilliance {unknown}
 i - 2 potions of heal wounds {unknown}
 l - 4 potions of curing {unknown}
 o - a potion of invisibility
 s - a potion of lignification {unknown}


   Skills:
 + Level 2.2 Dodging
 - Level 1.7 Stealth
 + Level 0.2 Shields
 + Level 5.6 Spellcasting
 + Level 7.7 Summonings
 + Level 3.0 Ice Magic


You had 6 spell levels left.
You knew the following spells:

 Your Spells              Type           Power      Damage    Failure   Level
a - Summon Small Mammal   Summ           100%       N/A       1%          1
b - Call Canine Familiar  Summ           31%        N/A       1%          3
c - Frozen Ramparts       Ice            30%        1d5       12%         3
d - Summon Ice Beast      Ice/Summ       23%        N/A       14%         4

Your spell library contained the following spells:

 Spells                   Type           Power      Damage    Failure   Level
 Call Imp                 Summ           31%        N/A       1%          2
 Summon Guardian Golem    Hex/Summ       18%        N/A       9%          3
 Corpse Rot               Necr/Air       N/A        N/A       21%         2
 Summon Lightning Spire   Summ/Air       18%        N/A       26%         4
 Ice Form                 Ice/Tmut       9%         N/A       56%         4
 Dispel Undead            Necr           4%         3d7       78%         4
 Death Channel            Necr           2%         N/A       100%        6


Dungeon Overview and Level Annotations

Branches:
Dungeon (7/15)             Temple (1/1) D:6

Altars:
Dithmenos
Elyvilon
Fedhas
Gozag
Nemelex Xobeh
Okawaru
Qazlal
Ru
Sif Muna
Vehumet
Wu Jian
Xom
Yredelemnul
Zin
The Shining One

Annotations:
D:3 exclusion: statue
D:4 exclusion: phantom, Dowan, Duvessa
D:5 exclusion: 2 electric eels
D:6 exclusions: downstairs and upstairs
D:7 Joseph, Maggie


Innate Abilities, Weirdness & Mutations

You are amphibious.
You cover ground slowly.
You can hop short distances.
You have an extended range of vision and can be seen from far away.


Message History

The ice beast misses your quokka.
Your quokka bites the ice beast.
Casting: Summon Small Mammal (safe; 1% risk of failure)
Confirm with . or Enter, or press ? or * to list all spells.
You hear the steady creaking of a distant portcullis.
The ice beast hits your quokka. The ice beast freezes your quokka!
Your quokka dies!
Your quokka's corpse disappears in a puff of smoke!
Your hound bites the ice beast but does no damage.
The ice beast closely misses your hound.
You see here a scroll of immolation.
What are your orders? t - Croak!
Orders for allies: a - Attack new target. r - Retreat! s - Stop attacking. g - Guard the area. f - Follow me.
Anything else - Cancel.
Guard this area!
The ice beast hits your hound but does no damage.
Your hound barely misses the ice beast.
The ice beast hits your hound. The ice beast freezes your hound.
Your hound completely misses the ice beast.
Your hound closely misses the ice beast.
The ice beast hits your hound but does no damage.
Your hound bites the ice beast but does no damage.
The ice beast closely misses your hound.
Something hits your hound. Something freezes your hound.
Your hound dies!
Your hound's corpse disappears in a puff of smoke!
The steam dragon breathes steam at you. The ball of steam hits you!!
* * * LOW HITPOINT WARNING * * *
You hear a shout!
Hop to where?
Press: ? - help, Dir - move target Boing!
There is a stone staircase leading up here.
You hear the steady creaking of a distant portcullis.
The steam dragon breathes steam at you. The ball of steam hits you!
You die...

#. #.# #.# ########
#.# #..§Yh.Y
#####.##### #########
#.###### #.......D.#
#.......# #.# #
#.###§###D###.......#
#Y# ####
##.§÷.....#.....$.#
#§# #...
#.........§§@.....#
#.# #.##
#.....#.#.#.......#
#.###.##
##..###.#.#.......#
#....... ##.#
#.#.#.......#
#####.## #.#
#.#.####...## #.# ...
....# ###.# ##.## #..
##### #.# ##.... #..
#.# #...## .... ##
#.# #..#.#


There were no monsters in sight!

Vanquished Creatures
  A centaur (D:6)
  A hound (D:6)
  3 adders
5 creatures vanquished.

Vanquished Creatures (collateral kills)
  A water moccasin (D:5)
  An ogre (D:5)
  A phantom (D:4)
  2 bullfrogs
  2 scorpions (D:5)
  A gnoll sergeant (D:6)
  A water moccasin skeleton (D:6)
  A centaur zombie (D:7)
  A bullfrog skeleton (D:7)
  An iguana (D:5)
  2 orc wizards
  A hound zombie (D:5)
  A howler monkey zombie (D:3)
  8 adders
  3 gnolls (D:6)
  A shadow imp (D:5)
  A white imp (D:5)
  2 worms (D:2)
  A dart slug (D:4)
  3 orcs
  9 bats
  11 endoplasms
  4 giant cockroaches
  7 goblins
  6 hobgoblins
  11 jackals
  6 kobolds
  3 quokkas
  8 ball pythons
  4 frilled lizards
  6 rats
110 creatures vanquished.

Vanquished Creatures (others)
  A butterfly (D:6)
  2 plants (D:5)
3 creatures vanquished.

Grand Total: 118 creatures vanquished

Notes
Turn   | Place    | Note
-------+----------+-------------------------------------------
     0 | D:1      | H0rd4k the Barachi Summoner began the quest for the Orb.
     0 | D:1      | Reached XP level 1. HP: 13/13 MP: 3/3
   156 | D:1      | Reached skill level 5 in Summonings
   436 | D:1      | Reached XP level 2. HP: 19/19 MP: 0/5
   566 | D:1      | Noticed a great orb of eyes
   948 | D:2      | Found a shadowy altar of Dithmenos.
  1504 | D:2      | Reached XP level 3. HP: 24/24 MP: 1/7
  2351 | D:1      | Found a faded altar of an unknown god.
  2353 | D:1      | Noticed a shining eye
  2353 | D:1      | Noticed a great orb of eyes
  2354 | D:1      | Noticed a golden eye
  3284 | D:1      | Learned a level 3 spell: Call Canine Familiar
  3751 | D:3      | Reached XP level 4. HP: 30/30 MP: 1/8
  3865 | D:3      | Found a radiant altar of Vehumet.
  3865 | D:3      | Noticed a charred statue
  4869 | D:3      | Learned a level 3 spell: Frozen Ramparts
  4877 | D:4      | Noticed a phantom
  5155 | D:4      | Noticed a phantom
  5194 | D:4      | Killed a phantom
  5195 | D:4      | Reached skill level 6 in Summonings
  5195 | D:4      | Reached XP level 5. HP: 35/35 MP: 1/10
  5260 | D:4      | Reached skill level 1 in Ice Magic
  5670 | D:4      | Noticed Dowan
  5670 | D:4      | Noticed Duvessa
  5683 | D:5      | Entered Level 5 of the Dungeon
  5995 | D:4      | Found an opulent altar of Gozag.
  6299 | D:5      | Noticed a water moccasin
  6310 | D:5      | Killed a water moccasin
  6609 | D:5      | Noticed an ogre
  6624 | D:5      | Killed an ogre
  6625 | D:5      | Reached XP level 6. HP: 41/41 MP: 6/12
  7119 | D:5      | Reached skill level 7 in Summonings
  7407 | D:5      | Noticed a water moccasin
  7407 | D:5      | Noticed a two-headed ogre
  7606 | D:6      | Reached skill level 5 in Spellcasting
  7893 | D:6      | Reached XP level 7. HP: 34/46 MP: 4/14
  7989 | D:6      | Found a staircase to the Ecumenical Temple.
  8458 | D:6      | Found a sacrificial altar of Ru.
  8751 | D:6      | Found a glowing silver altar of Zin.
  9248 | D:6      | Found a white marble altar of Elyvilon.
  9370 | D:6      | Learned a level 4 spell: Summon Ice Beast
  9373 | Temple   | Entered the Ecumenical Temple
  9573 | Temple   | Became a worshipper of Qazlal Stormbringer
  9637 | D:7      | Noticed a steam dragon
  9642 | D:7      | Noticed Joseph
  9867 | D:7      | Noticed Maggie
  9997 | D:7      | Killed from afar by a steam dragon

Illustrated notes

Levels and vault maps discovered:
D:1:      evilmike_arrival_plus, layout_loops_ring,
          hellmonk_ecumenical_altar_watching_god, minmay_misc_feat_encased,
          roderic_roman_lattice, minmay_misc_feat_columns
D:2:      layout_basic, basic_altar
D:3:      layout_basic, vehumet_statue
D:4:      layout_gridville, bloody_makhleb, amcnicky_altar_gilded,
          nicolae_dithmenos_through_a_glass_darkly, uniq_duvessa
D:5:      cheibrodos_two_vegetables, layout_basic, kennysheep_slug_shrine,
          st_stairs_7
D:6:      layout_loops_corners, zin_scriptorium,
          nicolae_elyvilon_peaceful_grove, nicolae_ru_great_annihilating_truth,
          minmay_temple_entry_junction
D:7:      layout_loops_corners, lemuel_round_altar,
          mainiacjoe_overflow_tiny_flanked, enter_bailey_3, uniq_joseph,
          uniq_maggie
Temple:   nicolae_temple_figure_zero

Skill      XL: |  1  2  3  4  5  6  7 |
---------------+----------------------+-----
Summonings     | 5 6 7 |  7.7
Spellcasting   | 3 4 5 |  5.6
Ice Magic      | 1 2 3 |  3.0
Dodging        | |  2.2
Stealth        | |  1.7
Shields        | |  0.2

Action                   |  1- 3 |  4- 6 |  7- 9 || total
-------------------------+-------+-------+-------++-------
Melee: Unarmed           |       |     2 |       ||     2
 Cast: Summon Small Mamm |   198 |   206 |    60 ||   464
       Call Canine Famil |       |    15 |    18 ||    33
       Frozen Ramparts   |       |       |     3 ||     3
 Abil: Hop               |     1 |     4 |     2 ||     7
  Use: Scroll            |       |       |     4 ||     4
Armor: Robe              |    13 |     7 |     4 ||    24
Dodge: Dodged            |    33 |    30 |    11 ||    74
Block: Other             |       |    14 |     6 ||    20
       Reflection        |       |     3 |       ||     3
